Map: Dusk Towers

Players

llllllllllll

  • Race: Protoss Protoss
  • League: Master

llllllllllll - Winner!

  • Race: Zerg Zerg
  • League: Grandmaster

VOD

Have the link to the VOD?

Description

Time

  • Played on: May 27, 2016, 10:25 a.m.
  • Length: 8:56
Show
View Real Time Build Order
Export as new Build Order

llllllllllll Protoss 

Build Orders: 1 Gate Expand, Phoenix Opening 

Get SALT Encoding   

  12  0:00  Probe (Chrono Boost)  
  13  0:11  Probe (Chrono Boost)  
  14  0:17  Pylon  
  14  0:21  Probe (Chrono Boost)  
  16  0:35  Probe (Chrono Boost)  
  16  0:37  Gateway  
  16  0:42  Assimilator  
  16  0:47  Probe (Chrono Boost)  
  17  0:57  Probe (Chrono Boost)  
  18  1:08  Probe (Chrono Boost)  
  19  1:21  Nexus  
  19  1:24  Probe (Chrono Boost)  
  20  1:32  Cybernetics Core  
  20  1:35  Probe (Chrono Boost)  
  21  1:42  Assimilator  
  21  1:46  Probe (Chrono Boost)  
  22  1:54  Pylon  
  22  1:56  Probe (Chrono Boost)  
  23  2:09  Warp Gate  
  23  2:12  Probe (Chrono Boost), Adept  
  26  2:23  Probe (Chrono Boost)  
  27  2:31  Stargate  
  27  2:33  Probe (Chrono Boost)  
  27  2:34  Probe (Chrono Boost)  
  29  2:43  Zealot  
  31  2:44  Probe (Chrono Boost)  
  31  2:45  Probe (Chrono Boost)  
  32  2:52  Pylon  
  32  2:54  Probe (Chrono Boost)  
  32  2:56  Probe (Chrono Boost)  
  34  3:05  Probe (Chrono Boost)  
  35  3:07  Mothership Core (Chrono Boost)  
  37  3:13  Phoenix (Chrono Boost)  
  37  3:15  Probe (Chrono Boost)  
  40  3:26  Probe (Chrono Boost)  
  42  3:28  Probe (Chrono Boost)  
  42  3:33  Phoenix  
  42  3:34  Pylon  
  42  3:37  Probe (Chrono Boost)  
  46  3:42  Probe (Chrono Boost)  
  46  3:43  Nexus  
  46  3:47  Probe (Chrono Boost)  
  47  3:54  Probe (Chrono Boost)  
  47  3:55  Phoenix  
  48  3:56  Assimilator  
  51  4:02  Probe (Chrono Boost)  
  51  4:06  Assimilator  
  51  4:08  Probe (Chrono Boost)  
  52  4:17  Pylon, Phoenix  
  52  4:19  Probe (Chrono Boost)  
  52  4:20  Pylon  
  52  4:24  Probe (Chrono Boost)  
  56  4:30  Probe (Chrono Boost)  
  57  4:36  Probe (Chrono Boost)  
  58  4:39  Phoenix  
  58  4:40  Probe (Chrono Boost), Sentry  
  63  4:46  Gateway  
  63  4:48  Probe (Chrono Boost), Gateway  
  63  4:51  Probe (Chrono Boost)  
  65  4:56  Probe (Chrono Boost)  
  67  5:00  Probe (Chrono Boost), Phoenix  
  67  5:01  Probe (Chrono Boost)  
  67  5:06  Probe (Chrono Boost)  
  71  5:12  Probe (Chrono Boost)  
  72  5:17  Pylon  
  72  5:20  Probe (Chrono Boost)  
  73  5:25  Probe (Chrono Boost), Twilight Council  
  73  5:26  Probe (Chrono Boost)  
  73  5:27  Forge  
  75  5:31  Probe (Chrono Boost)  
  75  5:34  Pylon  
  75  5:35  Robotics Facility  
  77  5:37  Probe x2 (Chrono Boost)  
  77  5:39  Robotics Facility  
  77  5:41  Probe (Chrono Boost)  
  79  5:49  Probe (Chrono Boost)  
  80  5:57  Gateway  
  80  5:58  Gateway  
  80  6:00  Gateway  
  80  6:02  Gateway  
  80  6:05  Probe (Chrono Boost)  
  81  6:16  Sentry x2, Protoss Ground Weapons Level 1 (Chrono Boost)  
  81  6:17  Probe (Chrono Boost), Sentry  
  88  6:19  Assimilator  
  88  6:21  Probe (Chrono Boost)  
  88  6:23  Assimilator  
  88  6:24  Immortal (Chrono Boost)  
  88  6:25  Charge, Pylon  
  93  6:27  Observer (Chrono Boost), Probe (Chrono Boost)  
  93  6:31  Pylon  
  95  6:33  Probe  
  95  6:34  Pylon  
  95  6:38  Probe  
  97  6:49  Immortal (Chrono Boost)  
  101  6:54  Forge  
  101  6:55  Templar Archives  
  101  6:57  Pylon, Zealot x4  
  101  6:59  Pylon  
  109  7:11  Pylon  
  109  7:13  Pylon  
  109  7:15  Pylon  
  109  7:17  Pylon  
  109  7:19  Observer (Chrono Boost)  
  110  7:23  Immortal (Chrono Boost)  
  114  7:33  Immortal  
  114  7:42  High Templar  
  114  7:43  Zealot  
  114  7:44  Zealot x2  
  126  7:48  Nexus  
  126  7:50  Pylon  
  126  7:53  Pylon  
  126  7:55  Assimilator  
  126  8:00  Assimilator  
  126  8:01  Immortal  
  130  8:07  High Templar  
  130  8:08  High Templar  
  130  8:09  Immortal  
  137  8:20  Zealot x4  
  137  8:21  Pylon  
  135  8:32  Zealot  
  119  8:35  Archon  
Show
View Real Time Build Order
Export as new Build Order

llllllllllll Zerg - Winner!

Build Orders: Hatch First 

Get SALT Encoding   

  12  0:01  Drone  
  13  0:08  Drone  
  14  0:17  Overlord  
  14  0:22  Extractor  
  14  0:23  Drone  
  15  0:35  Drone  
  15  0:36  Drone  
  17  0:52  Hatchery  
  17  0:54  Drone  
  17  0:57  Drone  
  18  1:08  Extractor  
  17  1:12  Spawning Pool  
  17  1:15  Drone  
  17  1:18  Drone  
  18  1:27  Drone  
  19  1:37  Overlord  
  19  1:49  Drone  
  20  1:59  Zergling x2, Queen  
  23  2:03  Queen  
  23  2:04  Zergling x2  
  26  2:09  Metabolic Boost  
  26  2:11  Drone  
  26  2:15  Drone  
  28  2:20  Drone  
  29  2:26  Drone  
  30  2:36  Hatchery  
  29  2:38  Drone  
  29  2:39  Drone  
  31  2:46  Zergling x2  
  31  2:48  Overlord  
  32  2:53  Drone  
  32  2:57  Drone  
  34  3:00  Pneumatized Carapace  
  34  3:04  Drone  
  35  3:08  Overlord  
  35  3:10  Drone x2  
  35  3:11  Drone  
  35  3:12  Drone  
  39  3:14  Drone  
  39  3:17  Zergling x2  
  39  3:19  Drone  
  42  3:22  Drone  
  43  3:27  Overlord  
  43  3:33  Drone  
  44  3:40  Overlord  
  44  3:41  Drone x2  
  46  3:42  Drone  
  46  3:43  Drone x2  
  46  3:48  Drone  
  50  3:51  Zergling x2  
  50  3:52  Zergling x2  
  50  3:55  Drone  
  51  3:57  Queen  
  51  3:59  Drone  
  54  4:05  Overlord  
  54  4:08  Overlord  
  54  4:10  Spore Crawler x2  
  54  4:11  Drone x3, Spore Crawler  
  54  4:13  Drone  
  55  4:17  Drone x2  
  55  4:23  Drone  
  58  4:32  Drone x3  
  58  4:33  Drone x2  
  58  4:38  Overlord x2  
  63  4:44  Lair  
  63  4:47  Zergling x4  
  63  4:48  Baneling Nest, Drone  
  63  4:51  Extractor  
  62  4:52  Extractor  
  62  4:53  Drone x4  
  62  4:54  Queen  
  62  4:57  Overlord x2  
  62  4:58  Drone  
  68  5:02  Drone  
  68  5:05  Drone  
  70  5:09  Overlord  
  70  5:10  Drone, Extractor  
  70  5:11  Drone  
  69  5:14  Overlord  
  69  5:17  Drone x2  
  69  5:19  Drone  
  71  5:21  Drone  
  71  5:22  Extractor  
  71  5:23  Extractor  
  71  5:26  Drone x3  
  73  5:32  Overlord  
  73  5:33  Drone x2  
  73  5:35  Evolution Chamber  
  74  5:40  Drone  
  75  5:47  Centrifical Hooks  
  75  5:48  Drone x3  
  75  5:49  Hydralisk Den  
  75  5:50  Drone  
  75  5:51  Drone x3  
  75  5:52  Queen  
  75  5:55  Drone x2  
  81  6:02  Drone x2  
  81  6:05  Zerg Missile Weapons Level 1  
  81  6:06  Hatchery  
  81  6:07  Drone  
  81  6:12  Drone  
  81  6:15  Overlord x3  
  82  6:18  Hydralisk, Muscular Augments  
  82  6:19  Hydralisk x3  
  82  6:25  Hydralisk x3  
  92  6:28  Hydralisk x2  
  92  6:30  Hydralisk  
  102  6:36  Hydralisk x2  
  102  6:37  Hydralisk  
  105  6:42  Hydralisk  
  106  6:47  Hydralisk x2  
  106  6:51  Overlord, Hydralisk  
  106  6:53  Hydralisk  
  114  6:58  Hydralisk  
  114  7:00  Hydralisk  
  118  7:01  Overlord  
  118  7:03  Hydralisk  
  118  7:06  Hydralisk  
  122  7:09  Hydralisk  
  122  7:12  Hydralisk  
  126  7:19  Hydralisk x2  
  126  7:20  Zergling x16  
  138  7:28  Zergling x10  
  142  7:33  Overlord x2  
  142  7:34  Zergling x2  
  142  7:35  Zergling x4  
  145  7:40  Zergling x6  
  148  7:46  Baneling x5  
  148  7:47  Baneling x5  
  148  7:48  Zergling x2  
  148  7:49  Zergling x8  
  153  7:53  Baneling x6  
  153  7:59  Baneling x6  
  153  8:04  Zergling x14  
  160  8:16  Overlord  
  160  8:19  Overlord, Zergling x2  
  161  8:20  Zergling x16  
  156  8:34  Zergling x2  
  156  8:35  Zergling x8  
Tags
 
Add a new tag
Caveats
  • Supply blocks, unpowered buildings, or Contaminate may cause inaccurate times.
  • Supply counts are checked every 10 seconds.